 Dungeon Crawl Stone Soup version 0.30-a0-596-g0af90f9a20 (webtiles) character file.

Game seed: 13107051921868631818

6 Demosthentine the Poker (level 1, -10/16 HPs)
             Began as a Demonspawn Gladiator on Jan 6, 2023.
             Mangled by a kobold
             ... wielding a +2 whip of electrocution
              (20 damage)
             ... on level 1 of the Dungeon.
             The game lasted 00:00:11 (273 turns).

Demosthentine the Poker (Demonspawn Gladiator)       Turns: 273, Time: 00:00:11

Health: -10/16     AC:  4    Str: 14    XL:     1   Next: 75%
Magic:  1/1        EV: 12    Int:  9    God:
Gold:   35         SH:  0    Dex: 14    Spells: 0/0 levels left

rFire   . . .      SeeInvis .    a - +0 trident
rCold   . . .      Faith    .    (no shield)
rNeg    . . .      Spirit   .    b - +0 leather armour
rPois   .          Reflect  .    c - +0 helmet
rElec   .          Harm     .    (no cloak)
rCorr   .          Rampage  .    (no gloves)
Will    .....                    (no boots)
Stlth   +                        (no amulet)
HPRegen 0.22/turn                (no ring)
MPRegen 0.07/turn                (no ring)

@: no status effects
A: no striking features
a: no special abilities


You were on level 1 of the Dungeon.
You visited 1 branch of the dungeon, and saw 1 of its levels.

You collected 35 gold pieces.

Inventory:

Hand Weapons
 a - a +0 trident (weapon)
Missiles
 d - 3 throwing nets (quivered)
 e - a javelin
Armour
 b - a +0 leather armour (worn)
 c - a +0 helmet (worn)
Scrolls
 f - a scroll of immolation {unknown}
 g - 3 scrolls of teleportation {unknown}
 h - a scroll of fear {unknown}


   Skills:
 + Level 2.1 Fighting
 + Level 2.8 Polearms
 - Level 1.7 Throwing
 + Level 0.3 Armour
 + Level 2.8 Dodging


You couldn't memorise any spells.
You didn't know any spells.
Your spell library was empty.

Dungeon Overview and Level Annotations

Branches:
Dungeon (1/15)

Altars:


Message History

An endoplasm is nearby!
You reach to attack!
You hit the endoplasm.
You kill the endoplasm!
No target in view!
h - a scroll labelled BEMUIMM TANEDA No target in view!
A goblin comes into view. It is wielding a +0 dagger.
The goblin shouts!
You reach to attack!
You barely miss the goblin. You miss the goblin. The goblin barely misses you.
A goblin is nearby!
You hit the goblin.
You kill the goblin!
Things that are here:
a +0 dagger; a goblin corpse Key pressed, stopping explore.
No target in view!
No target in view!
A goblin comes into view. It is wielding a +0 dagger.
You reach to attack!
The helpless goblin fails to defend itself.
You puncture the goblin!
You kill the goblin!
Found a stone staircase leading down.
No target in view!
A kobold comes into view.
It is wielding a +2 whip of electrocution.
A kobold is nearby!
You miss the kobold. The kobold closely misses you.
The kobold hits you but does no damage.
A kobold is nearby!
You barely miss the kobold.
The kobold hits you with a +2 whip of electrocution.
You closely miss the kobold.
The kobold hits you with a +2 whip of electrocution.
A kobold is nearby!
You closely miss the kobold.
The kobold hits you with a +2 whip of electrocution.
You are electrocuted!!
Ouch! That really hurt!
You die...

#...# #..
#.#.#### ###
#.#....#####
#.####......
#.# ####.#.
#### #.# #...
..# #.# ###.
#K# #.# #.
#.###@#####.#
##
#...........#
#############


You could see a kobold.

Vanquished Creatures
  An endoplasm (D:1)
  2 goblins (D:1)
  A hobgoblin (D:1)
  A ball python (D:1)
5 creatures vanquished.

Notes
Turn   | Place    | Note
-------+----------+-------------------------------------------
     0 | D:1      | Demosthentine the Demonspawn Gladiator began the quest for
                  | the Orb.
     0 | D:1      | Reached XP level 1. HP: 16/16 MP: 1/1
   273 | D:1      | Mangled by a kobold

Illustrated notes

Levels and vault maps discovered:
D:1:      psy_arrival_statuary, layout_basic

Action                   || total
-------------------------++-------
Melee: Trident           ||    14
 Stab: Sleeping          ||     1
Armor: Leather armour    ||     2
Dodge: Dodged            ||     6

Table legend: (Time is in decaauts)
 A = Elapsed time spent in this place.
 B = Non-inter-level travel time spent in this place.
 C = Inter-level travel time spent in this place.
 D = Time resting spent in this place.
 E = Time spent auto-exploring this place.
 F = Levels seen in this place.
 G = Mean time per level.
                   A        B        C        D        E       F      G
               +--------+--------+--------+--------+--------+-----+--------+
         Total |    275 |    275 |      0 |      0 |    241 |   1 |  275.0 |
       Dungeon |    275 |    275 |      0 |      0 |    241 |   1 |  275.0 |
               +--------+--------+--------+--------+--------+-----+--------+

Top non-repeatable levels by time:
     D:1: 275 daAuts
